 Dungeon Crawl Stone Soup version 0.27.0-1-g7a089689b8 (webtiles) character file.

Game seed: 11053943694538246809

15498 quinnr the Stormcaller (level 12, -3/64 HPs)
             Began as a Tengu Air Elementalist on Aug 7, 2021.
             Was an Initiate of Hepliaklqana.
             Engulfed by a cloud of flame (5 damage)
             ... in a volcano.
             The game lasted 00:47:55 (21264 turns).

quinnr the Stormcaller (Tengu Air Elementalist)    Turns: 21264, Time: 00:47:55

Health: -3/64      AC:  7    Str:  8    XL:     12   Next: 27%
Magic:  10/22      EV: 31    Int: 20    God:    Hepliaklqana [......]
Gold:   655        SH:  5    Dex: 16    Spells: 13/23 levels left

rFire    + . .     SeeInvis .   d - +2 dagger (venom)
rCold    . . .     Faith    .   C - +0 buckler
rNeg     . . .     Spirit   .   j - +1 leather armour {rF+}
rPois    .         Reflect  .   (helmet restricted)
rElec    .         Harm     .   B - +2 cloak
rCorr    +         Rampage  .   (no gloves)
Will     .....                  (boots unavailable)
Stlth    ++........             h - amulet of the acrobat
HPRegen  0.20/turn              y - ring of resist corrosion
MPRegen  0.18/turn              u - ring of wizardry

@: acrobatic, flying quickly and evasively, quick
A: beak, talons 3, nimble flight
a: Renounce Religion


You were in a volcano.
You worshipped Hepliaklqana.
Hepliaklqana was noncommittal.
You visited 3 branches of the dungeon, and saw 13 of its levels.
You also visited: Volcano.

You collected 655 gold pieces.

Inventory:

Hand Weapons
 d - a +2 dagger of venom (weapon)
 l - a +0 dagger of electrocution
 n - a +1 hand axe of venom
Missiles
 w - 6 curare-tipped darts
Armour
 a - a +1 robe
 j - a +1 leather armour of fire resistance (worn)
 B - a +2 cloak (worn)
 C - a +0 buckler (worn)
Jewellery
 g - a ring of positive energy
 h - an amulet of the acrobat (around neck)
 i - a +6 ring of dexterity
 u - a ring of wizardry (right hand)
 x - a ring of fire
 y - a ring of resist corrosion (left hand)
 z - a +4 ring of slaying
Wands
 q - a wand of acid (1)
 s - a wand of flame (30)
 v - a wand of iceblast (6)
 A - a wand of mindburst (16)
Scrolls
 f - 2 scrolls of vulnerability
 m - 4 scrolls of teleportation
 p - a scroll of torment
Potions
 b - 2 potions of magic {unknown}
 c - 2 potions of degeneration
 e - 3 potions of cancellation
 k - a potion of mutation {unknown}
 o - a potion of might {unknown}
 E - a potion of brilliance
 F - a potion of attraction
Miscellaneous
 r - a piece from Xom's chessboard (15/15)


   Skills:
 + Level 3.1 Fighting
 - Level 3.0 Armour
 - Level 5.0 Dodging
 - Level 4.0 Stealth
 - Level 4.0 Shields
 - Level 6.0 Spellcasting
 - Level 1.3 Conjurations
 * Level 0.9 Transmutations
 + Level 18.9 Air Magic
 - Level 4.0 Poison Magic
 - Level 4.2 Evocations


You had 13 spell levels left.
You knew the following spells:

 Your Spells              Type           Power      Damage    Failure   Level
a - Shock                 Conj/Air       100%       1d9       1%          1
b - Airstrike             Air            34%        N/A       1%          4
c - Static Discharge      Conj/Air       46%        N/A       1%          2
d - Spider Form           Tmut/Pois      7%         N/A       6%          3

Your spell library contained the following spells:

 Spells                   Type           Power      Damage    Failure   Level
 Swiftness                Air            69%        N/A       0%          3
 Wereblood                Tmut           9%         N/A       6%          2
 Ensorcelled Hibernation  Hex/Ice        12%        N/A       9%          2
 Slow                     Hex            6%         N/A       9%          2
 Sublimation of Blood     Necr           3%         N/A       9%          2
 Confusing Touch          Hex            6%         N/A       17%         3
 Vampiric Draining        Necr           3%         2d6       17%         3
 Shadow Creatures         Summ           N/A        N/A       100%        6
 Summon Hydra             Summ           3%         N/A       100%        7


Dungeon Overview and Level Annotations

Branches:
Dungeon (11/15)            Temple (1/1) D:7            Lair (1/6) D:8
    Orc (0/2) D:11        Volcano (1/1)

Altars:
Ashenzari
Cheibriados
Dithmenos
Elyvilon
Fedhas
Gozag
Hepliaklqana
Kikubaaqudgha
Makhleb
Nemelex Xobeh
Okawaru
Qazlal
Ru
Sif Muna
Trog
Uskayaw
Vehumet
Wu Jian
Xom
Yredelemnul
Zin
The Shining One

Shops:
D:3 [

Annotations:
D:6 2 transporters, scottley's ghost, novice TrMo
D:10 3 runed translucent doors, backslashecho's ghost, journeyman HOMo


Innate Abilities, Weirdness & Mutations

You have a beak for a mouth.
You have claws for feet.
Your magical nature lets you fly swiftly and evasively.


Message History

The air twists around and strikes the harpy skeleton!!
The harpy skeleton is almost destroyed.
The harpy skeleton barely misses you. You block the harpy skeleton's attack.
The harpy skeleton claws you. The harpy skeleton barely misses you.
The harpy skeleton closely misses you. You block the harpy skeleton's attack.
The harpy skeleton claws you.
The harpy skeleton claws you but does no damage.
Casting: Airstrike (safe; 1% risk of failure)
Confirm with . or Enter, or press ? or * to list all spells.
Aiming: Airstrike (safe; 1% risk of failure)
Press: ? - help, Dir - move target, f/p - harpy skeleton
Aim: a harpy skeleton (almost destroyed)
The air twists around and strikes the harpy skeleton!
You destroy the harpy skeleton!
The air gets thick with the scent of sulphur.
The harpy skeleton claws you.
* * * LOW HITPOINT WARNING * * *
The harpy skeleton closely misses you. The harpy skeleton claws you.
* * * LOW HITPOINT WARNING * * *
The harpy skeleton claws you.
* * * LOW HITPOINT WARNING * * *
The harpy skeleton closely misses you. The harpy skeleton barely misses you.
Unknown command.
Unknown command.
Unknown command.
Okay, then.
Okay, then.
You feel better. The harpy skeleton barely misses you.
The harpy skeleton claws you.
* * * LOW HITPOINT WARNING * * *
The harpy skeleton claws you!
* * * LOW HITPOINT WARNING * * *
You block the harpy skeleton's attack.
Unknown command.
The harpy skeleton completely misses you.
The harpy skeleton claws you.
* * * LOW HITPOINT WARNING * * *
In the distance, the volcano erupts with a roar.
You are engulfed in blazing flames.
You resist.
You die...

##≈§≈≈≈§≈§§≈≈≈8≈≈≈≈≈8≈≈§≈§§≈
###≈≈≈≈§≈≈≈≈§§○☼○☼§8≈≈≈§§≈§§≈§
##....§≈≈§≈§§§§○°○☼§§°≈≈≈≈§§§§≈
###.≈....≈≈§≈§§§≈°○○○§≈≈≈≈≈≈≈≈≈§≈
'......≈§≈§≈≈§≈≈≈☼☼○°§≈§≈≈≈≈≈§≈≈≈
###.≈...≈≈≈≈○§○§≈☼○○○§§≈≈≈≈≈≈....
##.......○○°☼§§§○☼○§§§≈≈§......
####......§○§§☼☼○°☼§§≈≈.......
###....§Z§@☼§○○○○☼§........
###....○☼☼☼☼☼☼§○§........
###.☼........○§........
##....#...........###
####...........#####
#####..###### #∩ #### ##


You could see a harpy skeleton.

Vanquished Creatures
  A two-headed ogre (D:9)
  3 skeletal warriors (D:7)
  Pikel (D:7)
  A cyclops (D:11)
  Maggie (D:7)
  3 komodo dragons
  An unseen horror (D:6)
  A troll (D:10)
  2 hornets
  3 blink frogs
  A harpy skeleton (Volcano)
  2 flying skulls (Volcano)
  A shadow (D:11)
  4 wyverns
  15 yaks
  2 steam dragons
  2 basilisks
  Grum (D:9)
  A vampire mosquito (D:11)
  Menkaure (D:7)
  5 water moccasins
  Duvessa (D:6)
  3 ice beasts
  A black bear (D:8)
  3 sky beasts
  An ogre (D:6)
  2 orc warriors
  3 necrophages
  A centaur (D:7)
  8 wolves
  3 lemures (D:7)
  A kobold brigand (D:8)
  2 gnoll sergeants
  5 bullfrogs
  2 scorpions
  Dowan (D:6)
  A water moccasin skeleton (D:5)
  6 killer bees (D:8)
  14 wights
  A howler monkey (D:8)
  A bullfrog zombie (D:6)
  2 hounds
  7 centaur zombies
  Crazy Yiuf (D:7)
  8 orc priests
  A bullfrog skeleton (D:5)
  2 iguanas (D:6)
  A scorpion zombie (D:3)
  8 orc wizards
  2 hound skeletons (D:3)
  17 gnolls
  4 adders
  2 river rats (D:6)
  2 white imps (D:7)
  2 adder zombies (D:3)
  5 worms
  A dart slug (D:1)
  19 orcs
  5 bats
  6 endoplasms
  5 giant cockroaches
  8 goblins
  8 hobgoblins
  6 jackals (D:2)
  16 kobolds
  8 quokkas
  11 ball pythons
  A ball python zombie (D:3)
  2 frilled lizards
  A jackal skeleton (D:3)
  2 jackal zombies (D:3)
  6 rats
281 creatures vanquished.

Vanquished Creatures (others)
  A flying skull (Volcano)
  3 bushes
  7 fungi
  21 plants
32 creatures vanquished.

Grand Total: 313 creatures vanquished

Notes
Turn   | Place    | Note
-------+----------+-------------------------------------------
     0 | D:1      | quinnr the Tengu Air Elementalist began the quest for the
                  | Orb.
     0 | D:1      | Reached XP level 1. HP: 10/10 MP: 4/4
   156 | D:1      | Reached XP level 2. HP: 8/15 MP: 0/6
   377 | D:1      | Reached skill level 5 in Air Magic
  1077 | D:1      | Found a faded altar of an unknown god.
  1080 | D:1      | Reached XP level 3. HP: 19/19 MP: 4/7
  1648 | D:2      | Reached skill level 1 in Fighting
  1729 | D:2      | Reached skill level 6 in Air Magic
  1869 | D:2      | Reached XP level 4. HP: 25/25 MP: 6/8
  3060 | D:3      | Reached skill level 7 in Air Magic
  3060 | D:3      | Gained mutation: Your magical nature lets you fly swiftly
                  | and evasively. [Tengu growth]
  3060 | D:3      | Reached XP level 5. HP: 29/29 MP: 1/9
  3139 | D:3      | Found Bughoipa's Antique Armour Boutique.
  3758 | D:3      | Learned a level 4 spell: Airstrike
  4263 | D:4      | Noticed a necrophage
  4266 | D:4      | Killed a necrophage
  4267 | D:4      | Reached skill level 8 in Air Magic
  4267 | D:4      | Reached XP level 6. HP: 34/34 MP: 0/11
  5428 | D:5      | Entered Level 5 of the Dungeon
  5789 | D:5      | Reached skill level 9 in Air Magic
  5789 | D:5      | Reached XP level 7. HP: 38/38 MP: 6/13
  5906 | D:5      | Noticed a yak
  5907 | D:5      | Noticed a yak
  5925 | D:5      | HP: 3/38 [yak (16)]
  5949 | D:5      | Killed a yak
  6225 | D:4      | Killed a yak
  6450 | D:5      | Noticed a yak
  6452 | D:5      | Noticed a yak
  6467 | D:5      | Killed a yak
  6467 | D:5      | Noticed a yak
  6468 | D:5      | Reached skill level 10 in Air Magic
  6468 | D:5      | Reached XP level 8. HP: 43/43 MP: 0/15
  6704 | D:5      | Killed a yak
  6751 | D:5      | Noticed a yak
  6770 | D:5      | Killed a yak
  6787 | D:5      | Killed a yak
  6788 | D:5      | Reached skill level 11 in Air Magic
  7140 | D:5      | Found a sacrificial altar of Ru.
  7567 | D:6      | Noticed Duvessa
  7567 | D:6      | Noticed Dowan
  7603 | D:6      | Found a transporter.
  7648 | D:6      | Reached skill level 12 in Air Magic
  7654 | D:6      | Reached XP level 9. HP: 46/48 MP: 3/16
  7737 | D:6      | Reached skill level 13 in Air Magic
  8124 | D:6      | Killed Dowan
  8182 | D:6      | Killed Duvessa
  8826 | D:6      | Killed an unseen horror
  9088 | D:6      | Reached skill level 14 in Air Magic
  9319 | D:6      | Reached skill level 5 in Spellcasting
  9706 | D:6      | Found a transporter.
  9707 | D:6      | Noticed scottley's ghost (novice TrMo)
  9838 | D:7      | Noticed Menkaure
  9841 | D:7      | Killed Menkaure
 10277 | D:7      | Noticed a skeletal warrior
 10280 | D:7      | Noticed a skeletal warrior
 10454 | D:8      | Noticed a hornet
 10560 | D:8      | Paralysed by a hornet for 1 turns
 10753 | D:8      | HP: 5/50 [poisoned by a killer bee]
 11194 | D:8      | Reached XP level 10. HP: 56/56 MP: 13/19
 11709 | D:8      | Reached skill level 5 in Dodging
 11959 | D:8      | Reached skill level 15 in Air Magic
 12573 | D:8      | Found a staircase to the Lair.
 12668 | D:8      | Reached skill level 16 in Air Magic
 13014 | D:9      | Reached skill level 1 in Armour
 13017 | D:9      | Noticed a two-headed ogre
 13047 | D:9      | Killed a two-headed ogre
 13202 | D:9      | Reached XP level 11. HP: 55/60 MP: 12/21
 13532 | D:9      | Reached skill level 17 in Air Magic
 13841 | D:9      | Noticed Grum
 13844 | D:9      | Killed Grum
 14440 | D:9      | Learned a level 2 spell: Static Discharge
 14616 | D:10     | Entered Level 10 of the Dungeon
 14727 | D:10     | Learned a level 3 spell: Spider Form
 15159 | D:10     | Reached skill level 1 in Poison Magic
 15159 | D:10     | Reached skill level 1 in Evocations
 15291 | D:10     | Found a runed translucent gate.
 15291 | D:10     | Found a runed translucent gate.
 15292 | D:10     | Found a runed translucent gate.
 15292 | D:10     | Noticed backslashecho's ghost (journeyman HOMo)
 15791 | D:7      | Noticed a skeletal warrior
 16410 | D:7      | Killed a skeletal warrior
 16777 | D:7      | Killed a skeletal warrior
 16994 | D:7      | Noticed Pikel
 17369 | D:7      | Killed a skeletal warrior
 17545 | D:7      | Found a runed translucent door.
 17546 | D:7      | Noticed Crazy Yiuf
 17773 | D:7      | Killed Pikel
 17934 | D:7      | Noticed Maggie
 17939 | D:7      | Killed Maggie
 17940 | D:7      | Reached skill level 18 in Air Magic
 18168 | D:7      | Found a staircase to the Ecumenical Temple.
 18267 | Temple   | Entered the Ecumenical Temple
 18426 | Temple   | Became a worshipper of Hepliaklqana the Forgotten
 18577 | D:7      | Killed Crazy Yiuf
 19308 | D:11     | Reached skill level 1 in Shields
 20036 | D:11     | Noticed a cyclops
 20041 | D:11     | Killed a cyclops
 20042 | D:11     | Reached XP level 12. HP: 53/64 MP: 1/22
 20157 | D:11     | Found a staircase to the Orcish Mines.
 20286 | Lair:1   | Entered Level 1 of the Lair of Beasts
 20790 | Lair:1   | Found a dark tunnel.
 20802 | Volcano  | Entered a volcano
 21261 | Volcano  | HP: 6/64 [harpy skeleton (3)]
 21262 | Volcano  | HP: 2/64 [harpy skeleton (8)]
 21264 | Volcano  | Engulfed by a cloud of flame

Illustrated notes

Levels and vault maps discovered:
D:1:      arrival_zaba_pyramid, layout_basic, basic_ecumenical_altar
D:2:      layout_rooms
D:3:      layout_basic, serial_shops, nicolae_diamond_shop, serial_undead,
          serial_undead_b, serial_undead_c, serial_undead_a, serial_undead_a,
          serial_undead_f, chequers_serial_rivers_room_a, minmay_hedge_maze,
          palyth_stone_intersect
D:4:      layout_basic
D:5:      layout_loops_ring, nicolae_ru_great_annihilating_truth
D:6:      layout_cave_pools, gammafunk_ghost_mausoleum, portal_sewer_entry_e,
          uniq_duvessa
D:7:      layout_basic, temple_hall, uniq_maggie, uniq_crazy_yiuf_cottage,
          uniq_menkaure, uniq_pikel
D:8:      layout_basic, minmay_lair_entry_grove, nrook_mini_vaults, st_stairs_4
D:9:      layout_basic, hellmonk_bongcloud_opening, uniq_grum
D:10:     layout_small_grid, ebering_ghost_rock_garden
D:11:     layout_roguey, orc_0_dummy
Temple:   compressed_dpeg_triangle_lava_temple
Lair:1:   layout_loops_ring, nicolae_volcano_entry_vermiform,
          lemuel_fruit_fields
Volcano:  volcano_tomb [vts_chambers]

Skill      XL: |  1  2  3  4  5  6  7  8  9 10 11 12 |
---------------+-------------------------------------+-----
Air Magic      | 5 6 7 8 9 10 12 14 16 18 | 18.9
Fighting       | 1 2 3 |  3.1
Spellcasting   | 3 4 5 6 |  6.0
Stealth        | 3 4 |  4.0
Dodging        | 3 4 5 |  5.0
Armour         | 3 |  3.0
Poison Magic   | 4 |  4.0
Evocations     | 4 |  4.2
Shields        | 3 4 |  4.0
Conjurations   | |  1.3
Transmutations | |  0.9

Action                   |  1- 3 |  4- 6 |  7- 9 | 10-12 || total
-------------------------+-------+-------+-------+-------++-------
Melee: Unarmed           |     1 |    16 |     6 |       ||    23
       Peck              |     1 |     5 |     1 |    10 ||    17
       Kick              |       |     5 |     5 |    16 ||    26
       Hand axe          |       |       |       |    13 ||    13
       Dagger            |       |       |       |    40 ||    40
 Cast: Shock             |    87 |   168 |   170 |   178 ||   603
       Airstrike         |       |     9 |    53 |   189 ||   251
Evoke: Wand              |       |       |     7 |    12 ||    19
  Use: Scroll            |       |     2 |    11 |     6 ||    19
       Potion            |       |       |     1 |     3 ||     4
Armor: Robe              |     1 |     5 |    10 |     4 ||    20
       Leather armour    |       |       |       |    39 ||    39
       Skin              |       |       |       |     5 ||     5
Dodge: Dodged            |     7 |    28 |    61 |   155 ||   251
Block: Buckler           |       |       |       |    12 ||    12
